 Dungeon Sprint DCSS version 0.30-a0-469-g84de5afbc5 (webtiles) character file.

Game seed: 13272597905783012526

26 rocky1 the Shooter (level 2, 0/26 HPs)
             Began as a Minotaur Hunter on Dec 20, 2022.
             Drowned by a water elemental (5 damage)
             ... in the Dungeon (Sprint III: "The Ten Rune Challenge").
             The game lasted 00:00:49 (136 turns).

rocky1 the Shooter (Minotaur Hunter)                 Turns: 136, Time: 00:00:50

Health: 0/26       AC:  3    Str: 15    XL:     2   Next: 89%
Magic:  1/1        EV: 12    Int:  6    God:
Gold:   21         SH:  0    Dex: 13    Spells: 1/1 levels left

rFire   . . .      SeeInvis .    a - +0 shortbow
rCold   . . .      Faith    .    (shield currently unavailable)
rNeg    . . .      Spirit   .    c - +0 leather armour
rPois   .          Reflect  .    (helmet restricted)
rElec   .          Harm     .    (no cloak)
rCorr   .          Rampage  .    (no gloves)
Will    .....      NoTele   +    (no boots)
Stlth   +.........               (no amulet)
HPRegen 0.24/turn                (no ring)
MPRegen 0.07/turn                (no ring)

@: engulfed (cannot breathe)
A: horns 2, retaliatory headbutt
a: no special abilities


You were in the Dungeon.
You visited 1 branch You collected 21 gold pieces.

Inventory:

Hand Weapons
 a - a +0 shortbow (weapon)
Armour
 c - a +0 leather armour (worn)
Scrolls
 b - 2 scrolls of immolation
 i - a scroll of blinking
 j - 2 scrolls of poison {unknown}
 k - a scroll of enchant weapon {unknown}
 m - a scroll of enchant armour {unknown}
 p - a scroll of identify {unknown}
Potions
 d - 2 potions of curing
 e - a potion of heal wounds
 f - a potion of haste
 g - 2 potions of magic
 h - a potion of berserk rage
 l - 2 potions of mutation {unknown}
 n - a potion of invisibility {unknown}
 o - 3 potions of flight


   Skills:
 + Level 3.1 Fighting
 + Level 7.4 Ranged Weapons
 + Level 2.7 Dodging
 + Level 0.7 Stealth


You had one spell level left.
You didn't know any spells.
Your spell library was empty.

Dungeon Overview and Level Annotations

Branches:
Dungeon (1/1)

Altars:


Innate Abilities, Weirdness & Mutations

You have a pair of horns on your head.
You reflexively headbutt those who attack you in melee.


Message History

You destroy the phantom!
No target in view!
No target in view!
You start resting.
HP restored.
You open the door.
Found 21 gold pieces and 2 bubbling white potions.
There is an open door here.
You now have 13 gold pieces.
l - a bubbling white potion;
b - 2 scrolls of immolation (gained 1)
m - a scroll labelled KOOPNU PAWNOEWN;
n - a pink potion
o - 2 potions of flight
l - 2 bubbling white potions (gained 1)
j - 2 scrolls labelled ITZEFE TAQAZ (gained 1)
p - a scroll labelled PYTHRO TUOG;
d - 2 potions of curing (gained 1)
o - 3 potions of flight (gained 1)
You now have 21 gold pieces (gained 8).
There is an open door here.
You open the door.
A water elemental comes into view.
You shoot an arrow.
The arrow hits the water elemental but does no damage.
You shoot an arrow. The arrow hits the water elemental.
The water elemental is lightly damaged.
You shoot an arrow.
The arrow hits the water elemental but does no damage.
The water elemental is lightly damaged.
The water elemental hits you.
You shoot an arrow.
The arrow closely misses the water elemental.
The water elemental hits you.
The water elemental engulfs you in water!
The water elemental hits you!
Ouch! That really hurt!
* * * LOW HITPOINT WARNING * * *
You are too injured to fight recklessly!
You are too injured to fight recklessly!
You shoot an arrow.
The arrow barely misses the water elemental.
You die...

▓▓▓▓▓▓▓▓▓ ▓▓▓
▓<..#...#### ##.#
▓...#......#####..#
▓..##.......#..#..#
▓##.##.##...#..#@.#
##.##.###..##'#.E#
▓#.####.##..###...'.⌠....
▓.###..##..####...#...###
▓#.....##..###....#.⌠.#
###..##...##.....# ..#
##..##....#......# ###
#..###..##.#.....# #..#
#.. ####....#


You could see a water elemental.

Vanquished Creatures
  A human (D)
  A phantom (D)
  An endoplasm (D)
  3 rats (D)
6 creatures vanquished.

Notes
Turn   | Place    | Note
-------+----------+-------------------------------------------
     0 | D        | rocky1 the Minotaur Hunter began the quest for the Orb.
     0 | D        | Reached XP level 1. HP: 18/18 MP: 0/0
    13 | D        | Reached skill level 5 in Ranged Weapons
    68 | D        | Reached skill level 7 in Ranged Weapons
    68 | D        | Reached XP level 2. HP: 17/26 MP: 1/1
   130 | D        | Noticed a water elemental
   136 | D        | Drowned by a water elemental

Illustrated notes

Levels and vault maps discovered:
D:        dungeon_sprint_mu [sprint_mu_entry_cave, sprint_mu_temple_rooms,
          sprint_mu_d1_horrors, sprint_mu_d2_genie, sprint_mu_d3_branching,
          sprint_mu_orc_legion, sprint_mu_elf_gauntlet, sprint_mu_hive_nellie,
          sprint_mu_lair_fedhas, sprint_mu_vaults_butterflies,
          sprint_mu_slime_circle, sprint_mu_swamp_cave, sprint_mu_shoals_archi,
          sprint_mu_blade_basic, sprint_mu_crypt_fortress,
          sprint_mu_tomb_spiral, sprint_mu_vestibule_basic,
          sprint_mu_gehenna_hellfire, sprint_mu_dis_giant,
          sprint_mu_tartarus_statrot, sprint_mu_cocytus_islands, sprint_mu_zot1]

Skill      XL: |  1 |
---------------+----+-----
Ranged Weapons | 7 |  7.4
Fighting       | 3 |  3.1
Dodging        | |  2.7
Stealth        | |  0.7

Action                   || total
-------------------------++-------
 Fire: Shortbow          ||    31
Armor: Leather armour    ||     7
Dodge: Dodged            ||    14

Table legend: (Time is in decaauts)
 A = Elapsed time spent in this place.
 B = Non-inter-level travel time spent in this place.
 C = Inter-level travel time spent in this place.
 D = Time resting spent in this place.
 E = Time spent auto-exploring this place.
 F = Levels seen in this place.
 G = Mean time per level.
                   A        B        C        D        E       F      G
               +--------+--------+--------+--------+--------+-----+--------+
         Total |    141 |    141 |      0 |     28 |     10 |   1 |  141.0 |
       Dungeon |    141 |    141 |      0 |     28 |     10 |   1 |  141.0 |
               +--------+--------+--------+--------+--------+-----+--------+

Top non-repeatable levels by time:
       D: 141 daAuts
